 Dungeon Crawl Stone Soup version 0.27.1-1-g398f81649c (webtiles) character file.

Game seed: 16838069526793383605

210984 ZARRMARR the Unseen (level 19, -1/199 HPs)
             Began as an Octopode Earth Elementalist on Sept 7, 2021.
             Was an Elder of Sif Muna.
             Slain by a wolf spider (2 damage)
             ... on level 4 of the Spider Nest on Sept 8, 2021.
             The game lasted 07:04:05 (59657 turns).

ZARRMARR the Unseen (Octopode Earth Elementalist)  Turns: 59657, Time: 07:04:06

Health: -1/199     AC: 37    Str:  7    XL:     19   Next: 28%
Magic:  44/44      EV:  2    Int: 36    God:    Sif Muna [****..]
Gold:   3117       SH:  0    Dex: 22    Spells: 17/42 levels left

rFire    + + +     SeeInvis +   m - staff of poison
rCold    + + +     Faith    .   s - +3 warlock's mirror {reflect}
rNeg     + + +     Spirit   .   (helmet currently unavailable)
rPois    +         Reflect  +   C - amulet of the Crown {Acrobat Fragile Int+6}
rElec    .         Harm     .   T - ring of willpower
rCorr    +         Rampage  .   X - ring "Diboin Faghu" {rF+++ Will+ Slay+4}
Will     +++..     Clarity  +   H - ring "Zeug" {rC+ Int+5 Dex+4 Slay+2} Stlth +++.......NoTele +
                                J - ring of see invisible
HPRegen  0.43/turn              V - ring of the Tortoise {AC+8}
MPRegen  0.29/turn              Y - ring "Aneseil" {rN++ rCorr MP+9 Dex+5}
                                W - ring of protection from cold
                                c - ring of protection from cold

@: confused, mighty, tree-form, ambrosia-drunk, unable to read, invisible
A: stationary, stasis, torment immunity, boosted hp, almost no armour,
(amphibious), 8 rings, (camouflage 1), (gelatinous body 1), (nimble swimmer 1),
(tentacles), (fangs 1), clarity, sense surroundings 1, inability to read while
threatened
a: Renounce Religion, Channel Magic, Forget Spell, Divine Exegesis


You were on level 4 of the Spider Nest.
You worshipped Sif Muna.
Sif Muna was greatly pleased with you.
You were a tree.
You visited 6 branches of the dungeon, and saw 29 of its levels.
You also visited: Bailey, Gauntlet and Ice Cave.

You collected 5649 gold pieces.
You spent 2532 gold pieces at shops.

Inventory:

Missiles
 b - 538 stones
 e - 9 javelins (quivered)
 w - 8 silver javelins
 x - 4 throwing nets
 S - 7 silver boomerangs
Armour
 n - a +2 hat (melded)
 s - the +3 warlock's mirror (worn) {reflect}
   (You bought it in a shop on level 2 of the Orcish Mines)

   It can block and reflect piercing ranged attacks and magical attacks against
   the wielder's willpower.
Magical Staves
 m - a staff of poison (weapon)
Jewellery
 c - a ring of protection from cold (on tentacle)
 C - the amulet of the Crown (around neck) {Acrobat Fragile Int+6}
   (You found it in a Gauntlet)

   [amulet of the acrobat]

   It increases your evasion while moving and waiting.
   Int:       It affects your intelligence (+6).
   Fragile:   It will be destroyed if unequipped.
 H - the ring "Zeug" (on tentacle) {rC+ Int+5 Dex+4 Slay+2}
   (You acquired it on level 9 of the Dungeon)

   [ring of protection from cold]

   Int:       It affects your intelligence (+5).
   Dex:       It affects your dexterity (+4).
   Slay:      It affects your accuracy & damage with ranged weapons and melee
   (+2).
   rC:        It protects you from cold.
 J - a ring of see invisible (on tentacle)
 T - a ring of willpower (left branch)
 V - the ring of the Tortoise (on tentacle) {AC+8}
   (You found it on level 3 of the Lair of Beasts)

   [ring of protection]

   AC:        It affects your AC (+8).
 W - a ring of protection from cold (on tentacle)
 X - the ring "Diboin Faghu" (right branch) {rF+++ Will+ Slay+4}
   (You acquired it in a bailey)

   [ring of slaying]

   Slay:      It affects your accuracy & damage with ranged weapons and melee
   (+4).
   rF:        It renders you almost immune to fire.
   Will:      It increases your willpower.
 Y - the ring "Aneseil" (on tentacle) {rN++ rCorr MP+9 Dex+5}
   (You acquired it on level 4 of the Lair of Beasts)

   [ring of magical power]

   Dex:       It affects your dexterity (+5).
   rN:        It greatly protects you from negative energy.
   MP:        It affects your magic capacity (+9).
   rCorr:     It protects you from acid and corrosion.
Wands
 g - a wand of charming (29)
 h - a wand of paralysis (2)
 y - a wand of polymorph (61)
 A - a wand of flame (20)
 K - a wand of acid (11)
 U - a wand of iceblast (17)
Scrolls
 a - a scroll of holy word
 d - 9 scrolls of teleportation
 j - 2 scrolls of brand weapon
 r - 3 scrolls of fog
 u - 2 scrolls of immolation
 D - 2 scrolls of silence {unknown}
 E - 4 scrolls of vulnerability
 F - 2 scrolls of magic mapping {unknown}
 I - 2 scrolls of fear {unknown}
 L - 3 scrolls of torment
 M - a scroll of enchant armour
 N - 4 scrolls of blinking
 P - 2 scrolls of summoning
Potions
 f - 9 potions of curing
 i - 5 potions of berserk rage
 k - 6 potions of resistance
 l - 2 potions of haste
 o - 3 potions of cancellation
 q - 2 potions of flight
 v - 6 potions of lignification
 z - a potion of brilliance
 B - 4 potions of mutation
 G - 2 potions of might
 Q - a potion of ambrosia
 Z - a potion of invisibility
Miscellaneous
 O - a box of beasts
 R - a tin of tremorstones (2/2)


   Skills:
 + Level 12.8 Fighting
 + Level 13.0 Dodging
 + Level 17.4 Stealth
 - Level 4.0 Shields
 + Level 12.1 Spellcasting
 - Level 7.3 Conjurations
 + Level 10.2 Transmutations
 - Level 4.1 Air Magic
 + Level 12.5 Earth Magic
 - Level 4.9 Poison Magic
 + Level 13.2 Invocations


You had 17 spell levels left.
You knew the following spells:

 Your Spells              Type           Power      Damage    Failure   Level
a - Stone Arrow           Conj/Erth      100%       3d13      1%          3
b - Sandblast             Erth           100%       2d20      0%          1
c - Poisonous Vapours     Pois/Air       100%       N/A       1%          2
d - Passwall              Tmut/Erth      67%        N/A       1%          2
e - Bolt of Magma         Conj/Fire/Erth 31%        4d14      3%          5
f - Iron Shot             Conj/Erth      37%        9d7       4%          6
g - Statue Form           Tmut/Erth      54%        N/A       2%          6

Your spell library contained the following spells:

 Spells                   Type           Power      Damage    Failure   Level
 Beastly Appendage        Tmut           100%       N/A       1%          1
 Pain                     Necr           84%        1d8       1%          1
 Sting                    Tmut/Pois      100%       1d8       1%          1
 Corpse Rot               Necr/Air       N/A        N/A       1%          2
 Static Discharge         Conj/Air       58%        N/A       1%          2
 Wereblood                Tmut           77%        N/A       1%          2
 Dazzling Flash           Conj/Hex       96%        N/A       1%          3
 Ignite Poison            Fire/Tmut/Pois 72%        N/A       1%          3
 Mephitic Cloud           Conj/Pois/Air  75%        N/A       1%          3
 Spider Form              Tmut/Pois      43%        N/A       1%          3
 Swiftness                Air            51%        N/A       1%          3
 Petrify                  Tmut/Erth      81%        N/A       1%          4
 Blade Hands              Tmut           38%        N/A       1%          5
 Irradiate                Conj/Tmut      35%        3d25      1%          5
 Blink                    Tloc           N/A        N/A       2%          2
 Ice Form                 Ice/Tmut       56%        N/A       2%          4
 Olgreb's Toxic Radiance  Pois           72%        N/A       2%          4
 Hailstorm                Conj/Ice       48%        3d11      4%          4
 Sticky Flame             Conj/Fire      48%        2d7       4%          4
 Confusing Touch          Hex            21%        N/A       5%          3
 Gell's Gravitas          Tloc           10%        N/A       5%          3
 Lesser Beckoning         Tloc           10%        N/A       5%          3
 Teleport Other           Tloc           21%        N/A       5%          3
 Freezing Cloud           Conj/Ice/Air   24%        6-21      11%         5
 Dispel Undead            Necr           21%        3d11      19%         4
 Silence                  Hex/Air        18%        N/A       22%         5
 Dragon Form              Tmut           38%        N/A       24%         7
 Agony                    Necr           21%        N/A       45%         5
 Excruciating Wounds      Necr           10%        N/A       45%         5
 Manifold Assault         Tloc           21%        N/A       45%         5
 Summon Forest            Summ/Tloc      10%        N/A       45%         5
 Summon Mana Viper        Hex/Summ       21%        N/A       45%         5
 Dispersal                Tloc           10%        N/A       96%         6
 Invisibility             Hex            10%        N/A       96%         6
 Shadow Creatures         Summ           N/A        N/A       96%         6
 Simulacrum               Ice/Necr       10%        N/A       96%         6
 Ozocubu's Refrigeration  Ice            10%        4d7       100%        7
 Discord                  Hex            10%        N/A       100%        8
 Ignition                 Fire           10%        3d5       100%        8
 Animate Armour           Summ/Erth      Unusable   N/A       N/A         4

Dungeon Overview and Level Annotations

Branches:
Dungeon (15/15)            Temple (1/1) D:4            Lair (6/6) D:9
 Shoals (0/4) Lair:4       Spider (4/4) Lair:2        Slime (0/5) Lair:5
    Orc (2/2) D:10            Elf (0/3) Orc:2        Vaults (0/5) D:13
 Depths (1/5) D:15         Bailey (visited)           IceCv (visited)
Gauntlet (visited)

Altars:
Ashenzari
Cheibriados
Dithmenos
Elyvilon
Fedhas
Gozag
Hepliaklqana
Kikubaaqudgha
Makhleb
Nemelex Xobeh
Okawaru
Qazlal
Ru
Sif Muna
Trog
Uskayaw
Vehumet
Wu Jian
Xom
Yredelemnul
Zin
The Shining One
Beogh
Jiyva

Shops:
D:2 *!*   D:9 (   D:13 !   Orc:1 (   Orc:2 =(:[*[

Portals:
Hell: Lair:6


Innate Abilities, Weirdness & Mutations

You are a tree.
Your roots penetrate the ground, keeping you stationary.
You cannot be teleported.
You are immune to unholy pain and torment.
Your maximum health is greatly increased.
You cannot wear most types of armour.
((You are amphibious.))
You can wear up to eight rings at the same time.
((Your skin changes colour to match your surroundings (Stealth+).))
((Your rubbery body absorbs attacks. (AC +1, EV +1)))
((You are camouflaged near water. (Stealth+)))
((You have tentacles for arms and can constrict up to eight enemies at once.))
((You have very sharp teeth.))
You possess an exceptional clarity of mind.
You passively map a small area around you.
You sometimes lose the ability to read scrolls when taking damage.


Message History

You block the tarantella's attack. The wolf spider hits you.
* * * LOW HITPOINT WARNING * * *
You block the wolf spider's attack. You block the jumping spider's attack.
The jumping spider bites you but does no damage.
The redback bites you but does no damage.
The tarantella bites you but does no damage.
The wolf spider hits you but does no damage.
The wolf spider completely misses you.
The jumping spider pounces on you but does no damage.
The jumping spider bites you but does no damage.
The redback bites you.
* * * LOW HITPOINT WARNING * * *
Unknown command.
Unknown command.
Unknown command.
You are confused.
You feel invigorated.
The tarantella bites you but does no damage.
The jumping spider pounces on you but does no damage.
The jumping spider bites you.
* * * LOW HITPOINT WARNING * * *
The wolf spider hits you!
* * * LOW HITPOINT WARNING * * *
The wolf spider bites you but does no damage.
The redback bites you but does no damage.
You fade into invisibility!
The tarantella bites you.
* * * LOW HITPOINT WARNING * * *
The wolf spider hits you but does no damage.
The wolf spider bites you but does no damage.
The jumping spider pounces on you but does no damage.
The jumping spider bites you but does no damage.
The redback bites you but does no damage.
The tarantella bites you but does no damage.
The jumping spider pounces on you but does no damage.
The jumping spider bites you but does no damage.
The wolf spider hits you!
* * * LOW HITPOINT WARNING * * *
The wolf spider bites you.
You die...

### ^ .. #^# ^ ,
..#### #.. ^.....#*
*^^. , .......## #
......## ##########
#.††..# ####.#.#..#.#
,
*#^.†ss###..#...#..^..
##.♣s.#...#.........
#..^s##[.........^#^
,, *
##.†.............^## ,
#..........##.....# ,
, ##.........###^...#
##.......^# #..... *
#^.......# ##.^#.
########## #####


You could see a wolf spider, a jumping spider, a tarantella and a redback.

Vanquished Creatures
  Jorgrun (Orc:2)
  Rupert (D:14)
  3 acid blobs (Lair:6)
  Frances (D:13)
  Kirke (Lair:4)
  3 rockslimes
  3 azure jellies (IceCv)
  The ghost of Wiropych the Nimble, an adept TeNe of Gozag (Spider:2)
  A fire giant (Depths:1)
  2 frost giants (Depths:1)
  An emperor scorpion (Spider:2)
  An orc warlord (Orc:2)
  3 very ugly things (Depths:1)
  3 quicksilver oozes (IceCv)
  5 stone giants (Depths:1)
  3 spark wasps
  A dire elephant (Gauntlet)
  A minotaur (Gauntlet)
  Snorg (Lair:6)
  A fire dragon (Depths:1)
  Josephine (Orc:2)
  16 hydras
  5 great orbs of eyes
  An ogre mage (D:13)
  5 centaur warriors
  6 boulder beetles
  4 vault guards (D:13)
  Erica (D:8)
  A catoblepas (Lair:5)
  7 two-headed ogres
  3 deep troll shamans
  A dancing weapon (Spider:2)
  2 tengu warriors (D:15)
  2 deep troll earth magi (Depths:1)
  3 death yaks (Lair:5)
  An orc high priest (Orc:2)
  A deep elf knight (D:13)
  A hell knight (D:15)
  Urug (Lair:2)
  A fire crab (Lair:4)
  Nergalle (Lair:2)
  A glowing orange brain (D:8)
  A sixfirhy (Lair:6)
  3 iron trolls (Depths:1)
  A death drake (shapeshifter) (Gauntlet)
  7 deep trolls
  Pikel (D:8)
  2 orange crystal statues (IceCv)
  2 wizards
  A deep elf zephyrmancer (D:15)
  4 orc knights
  A deep elf pyromancer (D:15)
  2 necromancers
  5 orb spiders
  4 orc sorcerers
  A shining eye (shapeshifter) (D:15)
  16 wolf spiders
  3 manticores
  6 oklob plants
  A sphinx skeleton (Depths:1)
  18 ugly things
  2 elephants
  2 moths of wrath
  A fire giant skeleton (Depths:1)
  5 cyclopes
  A stone giant skeleton (Depths:1)
  9 black mambas
  3 torpor snails
  A gargoyle (D:13)
  Maggie (D:8)
  17 cane toads
  2 kobold demonologists (D:10)
  2 orange demons (Lair:6)
  A yaktaur (shapeshifter) (Gauntlet)
  6 yaktaurs
  8 rime drakes
  A tengu conjurer (D:13)
  15 demonic crawlers
  An unseen horror (D:11)
  An efreet (D:13)
  A minotaur zombie (Gauntlet)
  An anaconda simulacrum (Spider:1)
  9 entropy weaver simulacra
  11 komodo dragons
  3 ice devils (Lair:6)
  A hellwing (Lair:6)
  30 jumping spiders
  2 polar bears
  A red devil (Lair:6)
  4 very ugly thing simulacra (IceCv)
  6 trolls
  11 blink frogs
  A queen bee (Gauntlet)
  6 hornets
  19 slime creatures
  6 dream sheep
  2 vampires
  A dire elephant simulacrum (Spider:1)
  40 redbacks
  A shadow (D:11)
  A tarantella (shapeshifter) (D:15)
  3 spriggan simulacra
  17 tarantellas
  4 wraiths
  A wyvern (Lair:5)
  2 hogs (Lair:4)
  4 basilisks
  2 steam dragons
  75 yaks
  12 vampire mosquitoes
  2 wargs
  A redback simulacrum (D:14)
  An acid dragon (shapeshifter) (Gauntlet)
  3 acid dragons
  A demonic crawler simulacrum (IceCv)
  3 hell hounds (Lair:6)
  30 orc warriors
  28 water moccasins
  2 ice beasts
  2 sky beasts
  9 black bears
  2 alligator simulacra (Spider:1)
  2 necrophages
  2 ugly thing simulacra (IceCv)
  22 wolves
  11 centaurs
  13 ogres
  A phantom (D:5)
  6 kobold brigands
  20 bullfrogs
  2 scorpions
  A water moccasin skeleton (D:7)
  10 killer bees
  11 wights (D:8)
  4 electric eels
  7 howler monkeys
  14 jellies
  3 centaur zombies
  2 centaur skeletons (D:5)
  21 orc priests
  2 hounds (D:5)
  Jessica (D:3)
  Terence (D:3)
  An iguana (D:5)
  23 orc wizards
  7 hell rats (Lair:5)
  2 hound zombies (D:5)
  A hound skeleton (D:4)
  2 howler monkey zombies
  Robin (D:2)
  17 gnolls
  5 adders
  4 white imps
  An adder skeleton (D:4)
  5 dart slugs
  71 orcs
  10 endoplasms
  A giant cockroach (D:2)
  11 goblins
  15 hobgoblins
  8 jackals (D:1)
  56 kobolds
  3 quokkas
  5 ball pythons
  8 bats
  3 frilled lizards
  4 rats
1041 creatures vanquished.

Vanquished Creatures (collateral kills)
  Edmund (D:4)
  An iguana (D:4)
2 creatures vanquished.

Vanquished Creatures (others)
  An orb spider (Spider:2)
  2 humans (Lair:4)
  68 fungi
  150 plants
221 creatures vanquished.

Grand Total: 1264 creatures vanquished

Notes
Turn   | Place    | Note
-------+----------+-------------------------------------------
     0 | D:1      | ZARRMARR the Octopode Earth Elementalist began the quest
                  | for the Orb.
     0 | D:1      | Reached XP level 1. HP: 11/11 MP: 3/3
   127 | D:1      | Reached XP level 2. HP: 13/17 MP: 1/5
   140 | D:1      | Reached skill level 3 in Stealth
   563 | D:1      | Reached XP level 3. HP: 22/22 MP: 4/6
   877 | D:1      | Reached skill level 1 in Fighting
  1183 | D:1      | Learned a level 3 spell: Stone Arrow
  1186 | D:1      | Learned a level 2 spell: Poisonous Vapours
  1373 | D:2      | Found a radiant altar of Vehumet.
  1588 | D:2      | Reached skill level 1 in Conjurations
  1617 | D:2      | Noticed Robin
  1866 | D:2      | Found Wage's Distillery.
  1950 | D:2      | Killed Robin
  1951 | D:2      | Reached XP level 4. HP: 28/28 MP: 0/7
  2048 | D:2      | Bought a potion of lignification for 36 gold pieces
  2172 | D:2      | Found Jakucw's Assorted Antiques.
  2341 | D:2      | Found a faded altar of an unknown god.
  2839 | D:2      | Found Tiuchit's General Store.
  2996 | D:3      | You fall into a shaft and drop 3 floors!
  2996 | D:6      | Noticed a two-headed ogre
  3004 | D:6      | Noticed a kobold brigand
  3027 | D:6      | Killed a kobold brigand
  3028 | D:6      | Reached XP level 5. HP: 28/34 MP: 0/9
  3188 | D:6      | Noticed a steam dragon
  3286 | D:5      | Entered Level 5 of the Dungeon
  3286 | D:5      | Noticed a sky beast
  3367 | D:6      | Reached skill level 4 in Stealth
  3533 | D:5      | Noticed a phantom
  3627 | D:4      | Noticed Edmund
  3652 | D:5      | Reached XP level 6. HP: 39/39 MP: 1/10
  3744 | D:5      | Killed a sky beast
  3928 | D:5      | Noticed a black bear
  3934 | D:5      | Killed a black bear
  4115 | D:5      | Reached skill level 5 in Stealth
  4115 | D:5      | Reached XP level 7. HP: 45/45 MP: 4/11
  4665 | D:3      | Noticed Terence
  4675 | D:3      | Killed Terence
  5070 | D:3      | Noticed Jessica
  5071 | D:3      | Killed Jessica
  6014 | D:2      | Bought a potion of heal wounds for 60 gold pieces
  6247 | D:4      | Killed Edmund
  6248 | D:4      | Reached XP level 8. HP: 44/52 MP: 0/13
  6365 | D:4      | Found a staircase to the Ecumenical Temple.
  6434 | Temple   | Entered the Ecumenical Temple
  6687 | Temple   | Became a worshipper of Sif Muna the Loreminder
  6791 | D:4      | Learned a level 2 spell: Passwall
  7272 | D:2      | Bought a potion of invisibility for 96 gold pieces
  7481 | D:5      | Reached skill level 6 in Stealth
  7753 | D:5      | Reached skill level 1 in Invocations
  7854 | D:5      | Reached skill level 5 in Earth Magic
  8550 | D:6      | Reached XP level 9. HP: 58/58 MP: 11/15
  8617 | D:6      | Killed a two-headed ogre
  8618 | D:6      | Reached skill level 5 in Dodging
  8618 | D:6      | Reached skill level 7 in Stealth
  8845 | D:6      | Reached * piety under Sif Muna
  8847 | D:6      | Reached skill level 5 in Spellcasting
  9432 | D:2      | Bought a potion of berserk rage for 60 gold pieces
  9649 | D:7      | Reached skill level 5 in Fighting
  9649 | D:7      | Reached skill level 5 in Conjurations
  9651 | D:7      | Reached skill level 8 in Stealth
  9862 | D:7      | Reached XP level 10. HP: 66/66 MP: 13/17
 10525 | D:7      | Identified the +2 falchion of Popular Demand {antimagic,
                  | Will+}
 11332 | D:2      | Bought 2 potions of brilliance for 96 gold pieces
 11535 | D:8      | Noticed a glowing orange brain
 11535 | D:8      | Found the +8 glaive of the Guard {elec, spectral, AC+5}
 11563 | D:8      | Found a transporter.
 11635 | D:8      | Found a viscous altar of Jiyva.
 11941 | D:8      | Noticed Maggie
 11946 | D:8      | Killed Maggie
 12220 | D:8      | Noticed Erica
 12225 | D:8      | Killed Erica
 12226 | D:8      | Reached skill level 9 in Stealth
 12226 | D:8      | Reached skill level 5 in Invocations
 12227 | D:8      | Reached ** piety under Sif Muna
 12513 | D:8      | Noticed Pikel
 12519 | D:8      | Killed Pikel
 12536 | D:8      | Reached XP level 11. HP: 72/72 MP: 10/20
 12742 | D:8      | Found a transporter.
 12892 | D:8      | Found a transporter.
 13229 | D:8      | Found a viscous altar of Jiyva.
 13344 | D:9      | Found a staircase to the Lair.
 13470 | D:9      | Found Illa's Weapon Emporium.
 13502 | D:9      | Reached skill level 10 in Stealth
 13559 | D:9      | Found a flagged portal.
 13602 | D:9      | Noticed a two-headed ogre
 13608 | D:9      | Killed a two-headed ogre
 13695 | Bailey   | Entered a bailey
 14047 | Bailey   | Reached *** piety under Sif Muna
 14311 | Bailey   | Acquired the ring "Diboin Faghu" {rF+++ Will+ Slay+4}
 14520 | D:9      | Noticed a centaur warrior
 14528 | D:9      | Killed a centaur warrior
 14993 | D:9      | Acquired the ring "Zeug" {rC+ Int+5 Dex+4 Slay+2}
 15518 | D:9      | Found a staircase to the Lair.
 15674 | D:9      | Found Illa's Weapon Emporium.
 16386 | D:2      | Bought a potion of cancellation for 96 gold pieces
 16587 | Lair:1   | Entered Level 1 of the Lair of Beasts
 16873 | D:10     | Entered Level 10 of the Dungeon
 16942 | D:10     | Noticed a two-headed ogre
 16950 | D:10     | Killed a two-headed ogre
 16958 | D:10     | Noticed a two-headed ogre
 17208 | D:10     | Found an ornate altar of the Wu Jian Council.
 17268 | D:10     | Reached XP level 12. HP: 81/81 MP: 6/22
 17445 | D:10     | Noticed a two-headed ogre
 17468 | D:10     | Killed a two-headed ogre
 17469 | D:10     | Reached skill level 1 in Air Magic
 17469 | D:10     | Reached skill level 1 in Poison Magic
 17482 | D:10     | Killed a two-headed ogre
 17483 | D:10     | Reached skill level 11 in Stealth
 17912 | D:10     | Found a staircase to the Orcish Mines.
 18235 | D:10     | Found a staircase to the Orcish Mines.
 18555 | D:10     | Found an ornate altar of the Wu Jian Council.
 18863 | D:11     | Identified the +12 mace of Zifush {vorpal, *Noise Str+2
                  | Int+4 Stlth+}
 18950 | D:11     | Acquired 876 gold pieces
 18960 | D:11     | Reached **** piety under Sif Muna
 20499 | D:11     | You fall into a shaft and drop 3 floors!
 20500 | D:14     | Noticed Rupert
 20504 | D:14     | Identified the +5 plate armour of Hopscotch {rC+ Will+
                  | rCorr Str+2}
 20870 | D:14     | Noticed a boulder beetle
 20876 | D:14     | Killed a boulder beetle
 21025 | D:13     | Noticed a centaur warrior
 21028 | D:13     | Killed a centaur warrior
 21029 | D:13     | Reached XP level 13. HP: 57/88 MP: 15/24
 21331 | D:13     | Found Meuph's Distillery.
 21353 | D:13     | Noticed a vault guard
 21497 | D:13     | Reached skill level 12 in Stealth
 21736 | D:13     | Noticed Frances
 21784 | D:13     | Noticed a vault guard
 21925 | D:12     | Learned a level 5 spell: Bolt of Magma
 22227 | D:2      | Bought a scroll of summoning for 218 gold pieces
 22227 | D:2      | Bought a scroll of teleportation for 69 gold pieces
 22227 | D:2      | Bought a scroll of teleportation for 69 gold pieces
 22227 | D:2      | Bought a scroll labelled ZADISTR BOMMUIM for 23 gold pieces
 22227 | D:2      | Bought a potion of lignification for 69 gold pieces
 22256 | D:2      | Bought 2 potions of ambrosia for 192 gold pieces
 22256 | D:2      | Bought a potion of resistance for 120 gold pieces
 22881 | D:12     | Found a blossoming altar of Fedhas.
 23551 | D:12     | Found a blossoming altar of Fedhas.
 24420 | D:12     | Found a blossoming altar of Fedhas.
 26023 | D:13     | Killed a vault guard
 26183 | D:13     | Bought a potion of might for 48 gold pieces
 26358 | D:13     | Killed a vault guard
 29733 | Lair:2   | Reached XP level 14. HP: 97/97 MP: 17/26
 29943 | Lair:2   | Found a hole to the Spider Nest.
 29954 | Lair:2   | Found a hide-covered altar of Uskayaw.
 29958 | Lair:2   | Found an ornate altar of the Wu Jian Council.
 29964 | Lair:2   | Reached skill level 13 in Stealth
 30121 | Lair:2   | Noticed Urug
 30124 | Lair:2   | Reached ***** piety under Sif Muna
 30650 | Lair:2   | Noticed Nergalle
 30656 | Lair:2   | Killed Nergalle
 30852 | Lair:2   | Killed Urug
 31488 | Lair:2   | Found a hole to the Spider Nest.
 31503 | Lair:2   | Found a hide-covered altar of Uskayaw.
 31504 | Lair:2   | Found an ornate altar of the Wu Jian Council.
 32527 | Lair:3   | Found the ring of the Tortoise {AC+8}
 34259 | Lair:4   | Acquired the ring "Aneseil" {rN++ rCorr MP+9 Dex+5}
 34262 | Lair:4   | Acquired a book of Iron
 34271 | Lair:4   | Learned a level 6 spell: Iron Shot
 34271 | Lair:4   | Acquired 807 gold pieces
 34521 | Lair:4   | Reached skill level 10 in Dodging
 34718 | Lair:4   | Noticed Kirke
 34727 | Lair:4   | Killed Kirke
 34789 | Lair:4   | Found a staircase to the Shoals.
 35079 | Lair:4   | Received a gift from Sif Muna
 35080 | Lair:4   | Reached skill level 10 in Invocations
 35083 | Lair:4   | Reached skill level 5 in Transmutations
 35083 | Lair:4   | Got Voreiv's Grimoire of Fetching Changing {god gift}
 35091 | Lair:4   | Learned a level 6 spell: Statue Form
 35409 | Lair:4   | Acquired 542 gold pieces
 35786 | Lair:4   | Reached skill level 10 in Fighting
 36608 | Lair:4   | Reached skill level 14 in Stealth
 36608 | Lair:4   | Reached XP level 15. HP: 103/103 MP: 28/28
 36737 | Lair:5   | Reached XP level 16. HP: 109/109 MP: 15/29
 36867 | Lair:5   | Reached skill level 10 in Earth Magic
 36968 | Lair:5   | Reached skill level 10 in Spellcasting
 37017 | Lair:5   | Found a viscous altar of Jiyva.
 37020 | Lair:5   | Found a staircase to the Slime Pits.
 37021 | Lair:5   | Found a gate leading to a gauntlet.
 37031 | Gauntlet | Entered a Gauntlet
 37031 | Gauntlet | Found a transporter.
 37031 | Gauntlet | Found a transporter.
 37099 | Gauntlet | Found a transporter.
 37102 | Gauntlet | Found a transporter.
 37110 | Gauntlet | Found a transporter.
 37113 | Gauntlet | Found a transporter.
 37122 | Gauntlet | Found a transporter.
 37135 | Gauntlet | Found a large runed translucent door.
 37136 | Gauntlet | Found a large runed translucent door.
 37137 | Gauntlet | Found a large runed translucent door.
 37137 | Gauntlet | Found a large runed translucent door.
 37138 | Gauntlet | Found a runed translucent gate.
 37139 | Gauntlet | Found a transporter.
 37139 | Gauntlet | Found a runed translucent gate.
 37140 | Gauntlet | Found a large runed translucent door.
 37140 | Gauntlet | Found a large runed translucent door.
 37140 | Gauntlet | Found a runed translucent door.
 37141 | Gauntlet | Found a large runed translucent door.
 37142 | Gauntlet | Found a large runed translucent door.
 37144 | Gauntlet | Found a transporter.
 37147 | Gauntlet | Found a transporter.
 37158 | Gauntlet | Found a transporter.
 37160 | Gauntlet | Found a transporter.
 37208 | Gauntlet | Found a large runed translucent door.
 37209 | Gauntlet | Found a large runed translucent door.
 37210 | Gauntlet | Found a large runed translucent door.
 37210 | Gauntlet | Found a large runed translucent door.
 37210 | Gauntlet | Found a runed translucent door.
 37211 | Gauntlet | Found a large runed translucent door.
 37212 | Gauntlet | Found a large runed translucent door.
 37213 | Gauntlet | Found a large runed translucent door.
 37213 | Gauntlet | Found a large runed translucent door.
 37214 | Gauntlet | Found a runed translucent gate.
 37647 | Gauntlet | Identified the amulet of the Crown {Acrobat Fragile Int+6}
 37807 | Gauntlet | Identified the +1 scale mail of Pride {rC+ Will++}
 38880 | Lair:6   | Entered Level 6 of the Lair of Beasts
 39156 | Lair:6   | Noticed Snorg
 39162 | Lair:6   | Killed Snorg
 39673 | Lair:6   | Identified the +5 ring mail of Somewhere Else {+Inv Dex+4}
 40147 | Lair:6   | Found a burning altar of Makhleb.
 40152 | Lair:6   | Reached skill level 1 in Shields
 40612 | Lair:6   | Noticed an acid blob
 40612 | Lair:6   | Noticed an acid blob
 40826 | D:8      | Found a transporter.
 40898 | Orc:1    | Entered Level 1 of the Orcish Mines
 41358 | Orc:2    | Entered Level 2 of the Orcish Mines
 41358 | Orc:2    | Found Lari's Armour Shop.
 41362 | Orc:2    | Reached skill level 15 in Stealth
 41362 | Orc:2    | Received a gift from Sif Muna
 41363 | Orc:2    | Got Sif Muna's Grimoire of Moulding {god gift}
 41413 | Orc:2    | Noticed Jorgrun
 41600 | D:13     | Killed Frances
 41984 | D:13     | Found a gate to the Vaults.
 42287 | D:14     | Killed Rupert
 42628 | D:15     | Entered Level 15 of the Dungeon
 42689 | D:15     | Found a stormy altar of Qazlal.
 43248 | D:15     | Reached XP level 17. HP: 117/117 MP: 0/31
 43434 | D:15     | Gained mutation: You are weak. (Str -2) [a shining eye]
 43435 | D:15     | Gained mutation: You occasionally shout uncontrollably at
                  | your foes. [a shining eye]
 43509 | D:15     | Lost mutation: You are weak. (Str -2) [potion of mutation]
 43509 | D:15     | Lost mutation: You occasionally shout uncontrollably at
                  | your foes. [potion of mutation]
 43509 | D:15     | Gained mutation: You sometimes lose the ability to read
                  | scrolls when taking damage. [potion of mutation]
 43509 | D:15     | Gained mutation: You have very sharp teeth. [potion of
                  | mutation]
 43509 | D:15     | Gained mutation: You possess an exceptional clarity of
                  | mind. [potion of mutation]
 43509 | D:15     | Gained mutation: You passively map a small area around you.
                  | [potion of mutation]
 43618 | D:15     | Found a staircase to the Depths.
 44407 | D:15     | Found a staircase to the Depths.
 44594 | D:15     | Found a stormy altar of Qazlal.
 44731 | Depths:1 | Entered Level 1 of the Depths
 45074 | Depths:1 | Found a radiant altar of Vehumet.
 46459 | Depths:1 | Reached skill level 16 in Stealth
 47480 | Lair:6   | Found a gateway to Hell.
 47562 | Lair:6   | Noticed an acid blob
 47573 | Lair:6   | Killed an acid blob
 47583 | Lair:6   | Killed an acid blob
 47678 | Lair:6   | Killed an acid blob
 48058 | Lair:6   | Reached XP level 18. HP: 126/126 MP: 33/33
 48257 | Lair:6   | Found a viscous altar of Jiyva.
 48513 | Lair:6   | Found a viscous altar of Jiyva.
 48951 | Lair:6   | Found a burning altar of Makhleb.
 48976 | Lair:6   | Found a gateway to Hell.
 50237 | Orc:2    | Found a staircase to the Elven Halls.
 50596 | Orc:2    | Found Gitash's Antique Armour Emporium.
 50666 | Orc:2    | Found Umewnot's Self-Improvement Boutique.
 50762 | Orc:2    | Found Otuxze's Jewellery Emporium.
 50851 | Orc:2    | Found Vodua's General Store.
 50865 | Orc:2    | Found Vajiniel's Antique Weapon Emporium.
 51183 | Orc:2    | Noticed Josephine
 51188 | Orc:2    | Killed Josephine
 51699 | Orc:2    | Killed Jorgrun
 52036 | Orc:2    | Found Vodua's General Store.
 52102 | Orc:2    | Found a staircase to the Elven Halls.
 52132 | Orc:2    | Found Lari's Armour Shop.
 52181 | Orc:2    | Found Otuxze's Jewellery Emporium.
 52281 | Orc:2    | Found Umewnot's Self-Improvement Boutique.
 52315 | Orc:2    | Found Vajiniel's Antique Weapon Emporium.
 52328 | Orc:2    | Found Gitash's Antique Armour Emporium.
 52654 | Orc:2    | Bought the +3 warlock's mirror {reflect} for 1280 gold
                  | pieces
 52654 | Orc:2    | Found the +3 warlock's mirror {reflect}
 52735 | Orc:1    | Found Sioj's Antique Weapon Emporium.
 53372 | Spider:1 | Entered Level 1 of the Spider Nest
 53559 | Spider:1 | Found a frozen archway.
 53631 | IceCv    | Entered an ice cave
 54371 | IceCv    | Found a viscous altar of Jiyva.
 54496 | IceCv    | Identified the amulet "Vaopt" {Spirit Fragile rF+ rC+}
 54872 | IceCv    | Got the +5 hand axe "Wanwaoco" {freeze, rF+ rN+ rCorr}
 55179 | Spider:1 | Reached skill level 17 in Stealth
 57223 | Spider:2 | Received a gift from Sif Muna
 57369 | Spider:2 | Found a runed translucent door.
 57370 | Spider:2 | Found a shimmering altar of Xom.
 57370 | Spider:2 | Noticed Wiropych's ghost (adept TeNe)
 57803 | Spider:2 | Killed Wiropych's ghost
 57876 | Spider:2 | Reached XP level 19. HP: 133/133 MP: 10/34
 58180 | Spider:2 | Reached skill level 10 in Transmutations
 59197 | Spider:4 | Entered Level 4 of the Spider Nest
 59647 | Spider:4 | HP: 7/199 [wolf spider (12)]
 59657 | Spider:4 | HP: 1/199 [wolf spider (15)]
 59657 | Spider:4 | Slain by a wolf spider

Illustrated notes

Levels and vault maps discovered:
D:1:      elethiomel_arrival_shortcut, layout_basic, minmay_cupped
D:2:      layout_basic, basic_altar, serial_shops, shop, nicolae_diamond_shop,
          shop, hellmonk_ecumenical_altar_slurped_away, uniq_robin
D:3:      layout_basic, minmay_strange_pillars, kennysheep_generic_room_4,
          uniq_jessica, uniq_terence
D:4:      layout_cave_pools, minmay_temple_entry_drinking_statues, st_stairs_8,
          uniq_edmund
D:5:      layout_basic, st_stairs_5, kennysheep_small_circle
D:6:      layout_basic
D:7:      layout_basic
D:8:      gammafunk_jiyva_shrine, layout_rooms, minmay_misc_feat_tiny,
          serial_park_tiny_2, kennysheep_small_spiral, uniq_maggie, uniq_pikel,
          uniq_erica
D:9:      kennysheep_kobold_camp, layout_basic, due_lair_maze_entry_diamond,
          enter_bailey_8, serial_shops, nicolae_shop_crystal,
          small_chamber_with_monster
D:10:     layout_basic, nzn_wu_jian_contemplation, david_orc_3
D:11:     layout_basic, serial_aquarium, aquarium_bridge_straight
          [aquarium_subvault_bridge, aquarium_subvault_wall,
          aquarium_subvault_bridge, aquarium_subvault_wall],
          aquarium_window_fake, aquarium_window_1, aquarium_window_corridor_2,
          aquarium_window_1, aquarium_view_2c, aquarium_balcony_3b, special_room
          [special_room_orc]
D:12:     layout_small_grid, fedhas_ov_isle_minmay
D:13:     layout_basic, grunt_vaults_entry_fortified, serial_shops, shop,
          item_on_display_a, uniq_frances
D:14:     layout_cave_pools, lemuel_flamethrower_3, uniq_rupert
D:15:     hangedman_depths_entry_civil_slaughter, layout_rooms,
          chequers_serial_rivers_small_3, nicolae_qazlal_style_of_elements
Temple:   compressed_dpeg_triangle_lava_temple
Lair:1:   layout_regular_city, grunt_forest_large_clearings
Lair:2:   layout_small_grid, spider_nest_entry_a,
          nzn_masters_of_martial_movement, grunt_megastairs_3,
          lemuel_fruit_tree, uniq_nergalle, uniq_urug
Lair:3:   layout_cave_shapes, serial_rivers, chequers_serial_rivers_micro_d,
          chequers_serial_rivers_micro_b, chequers_serial_rivers_marsh,
          chequers_serial_rivers_large_b, chequers_serial_rivers_large_a,
          lemuel_fruit_fields
Lair:4:   layout_big_grid, shoals_dummy_entry, minivault_24,
          minmay_shattered_shrine, infiniplex_staircase_pool,
          minmay_lair_oklob_chamber, serial_bayou_shore_a, uniq_kirke
Lair:5:   nzn_winding_woodlands_medium [nzn_winding_woodlands_5x5_closed_star,
          nzn_winding_woodlands_5x15_zeroes, nzn_winding_woodlands_5x5_three,
          nzn_winding_woodlands_hourglass,
          nzn_winding_woodlands_center_pierced_h,
          nzn_winding_woodlands_5x5_default, nzn_winding_woodlands_5x5_cross,
          nzn_winding_woodlands_5x15_jagged,
          nzn_winding_woodlands_5x5_checkerboard], layout_loops_ring,
          slime_altar_1, gauntlet_entry_generic, grunt_megastairs_5
Lair:6:   evil_forest, layout_gridlike, special_room [special_room_jelly],
          serial_bayou_pond_c, gammafunk_lair_bear_cave, serial_bayou_shore_b,
          uniq_snorg
Spider:1: layout_spider_delve, portal_ice_cave_entry_ice_simulacra
Spider:2: layout_spider_delve, ebering_ghost_xom
Spider:3: layout_spider_delve, hive_lemuel
Spider:4: grunt_spider_rune_circles, nicolae_spider_shape
Orc:1:    layout_caves, serial_shops, nicolae_shop_stone, mines3_lemuel
Orc:2:    grunt_orc_cross, layout_caves, serial_shops, shop,
          nicolae_shop_self_help, uniq_josephine, uniq_jorgrun
Depths:1: hangedman_grunt_twisty_little_passages, layout_basic,
          enter_ziggurat_d, pf_coc_iceberg, nicolae_vehumet_radiance,
          interstate_on_off, nicolae_ru_the_path_less_chosen

Skill      XL: |  1  2  3  4  5  6  7  8  9 10 11 12 13 14 15 16 17 18 19 |
---------------+----------------------------------------------------------+-----
Stealth        | 3 4 5 6 8 9 10 11 12 14 15 16 17 | 17.4
Fighting       | 1 2 3 4 5 6 7 8 9 10 11 12 | 12.8
Conjurations   | 1 2 3 4 5 6 7 |  7.3
Dodging        | 3 4 5 6 7 8 9 10 11 12 13 | 13.0
Spellcasting   | 3 4 5 6 7 8 9 10 11 12 | 12.1
Earth Magic    | 4 5 6 7 8 9 10 11 12 | 12.5
Invocations    | 2 4 5 6 8 9 10 11 12 13 | 13.2
Air Magic      | 3 4 |  4.1
Poison Magic   | 4 |  4.9
Transmutations | 3 5 6 7 8 9 10 | 10.2
Shields        | 2 4 |  4.0

Action                   |  1- 3 |  4- 6 |  7- 9 | 10-12 | 13-15 | 16-18 | 19-21 || total
-------------------------+-------+-------+-------+-------+-------+-------+-------++-------
Melee: Unarmed           |     8 |       |       |       |       |       |       ||     8
       Constrict         |     3 |       |     3 |     2 |     2 |     1 |       ||    11
       Tentacles         |     2 |       |     2 |     1 |     1 |     4 |       ||    10
       Dagger            |     7 |    21 |       |       |       |       |       ||    28
       Staff             |       |       |    12 |     8 |     2 |     4 |     1 ||    27
Throw: Dart              |       |     3 |       |       |       |       |       ||     3
       Boomerang         |       |       |       |       |    11 |       |       ||    11
       Javelin           |       |       |       |       |    28 |    83 |     4 ||   115
 Cast: Sandblast         |    38 |    24 |    68 |    55 |   130 |   183 |    28 ||   526
       Poisonous Vapours |    18 |     5 |     8 |    65 |    89 |   159 |    15 ||   359
       Stone Arrow       |     2 |    21 |    94 |   389 |   247 |   157 |    59 ||   969
       Bolt of Magma     |       |       |       |       |    44 |   127 |    30 ||   201
       Iron Shot         |       |       |       |       |    13 |   394 |    21 ||   428
       Statue Form       |       |       |       |       |     3 |   103 |    16 ||   122
Invok: Channel Magic     |       |       |       |    12 |     6 |    36 |     4 ||    58
 Abil: End Transformatio |       |       |       |       |     2 |     1 |       ||     3
Evoke: Wand              |       |     3 |     7 |     8 |    10 |     5 |       ||    33
  Use: Scroll            |     2 |     2 |     5 |     9 |     9 |     7 |     2 ||    36
       Potion            |       |     1 |       |    13 |     4 |     5 |     9 ||    32
Armor: Skin              |       |    14 |     2 |    26 |    12 |   335 |   258 ||   647
Dodge: Dodged            |    19 |     5 |    34 |   109 |   170 |   838 |   322 ||  1497
Block: Other             |       |       |       |       |    27 |    14 |       ||    41
       Buckler           |       |       |       |       |       |   249 |   137 ||   386
       Reflection        |       |       |       |       |       |     2 |       ||     2
